| TOP OF THE 1ST |
|
Eugene Emeralds batting - Pitching for West Virginia Black Bears : RHP Tony Ortiz
|
|
Pitching: RHP Tony Ortiz
|
|
|
Batting: RHB Du Kim
|
0-0: Ball 1-0: Called Strike 1-1: Swinging Strike 1-2: Strikes out looking
|
|
Batting: RHB Bill Holmes
|
0-0: Called Strike 0-1: Called Strike 0-2: Strikes out swinging
|
|
Batting: RHB Eric Wiss
|
0-0: Called Strike 0-1: Called Strike 0-2: Fly out, F8 (Line Drive, 8LD, EV 106.9 MPH)
|
| Top of the 1st over - 0 runs, 0 hits, 0 errors, 0 left on base; Eugene 0 - West Virginia 0 |
| BOTTOM OF THE 1ST |
|
West Virginia Black Bears batting - Pitching for Eugene Emeralds : RHP Dwight Bean
|
|
Pitching: RHP Dwight Bean
|
|
|
Batting: RHB Terrence Wilson
|
0-0: Ball 1-0: Called Strike 1-1: Foul Ball, location: 2F 1-2: Foul Ball, location: 2F 1-2: Hit by Pitch
|
|
Batting: RHB Etsuro Hosokawa
|
0-0: Called Strike Terrence Wilson steals 2nd base 0-1: Foul Ball, location: 2F 0-2: Ball 1-2: Strikes out swinging
|
|
Batting: LHB Josh Aerni
|
0-0: Ball 1-0: Swinging Strike 1-1: Swinging Strike 1-2: Ball 2-2: Ball 3-2: Base on Balls
|
|
Batting: RHB Dave Fredericks
|
0-0: Ball 1-0: Ball 2-0: Ball 3-0: Called Strike 3-1: Foul Ball, location: 2F 3-2: Base on Balls Terrence Wilson to third Josh Aerni to second
|
|
Pitching: RHP Angel Pesina
|
|
|
Batting: RHB Rick Pittman
|
0-0: Foul Ball, location: 2F 0-1: Ball 1-1: Ball 2-1: Ball 3-1: Fielders Choice at 2nd, 6-4 (Groundball, 6, EV 98.1 MPH) Terrence Wilson scores Josh Aerni to third
|
|
Batting: RHB Ken Manser
|
0-0: Ball 1-0: Ball Wild Pitch! Josh Aerni scores Rick Pittman to second 2-0: Called Strike 2-1: Called Strike 2-2: Ground out 6-3 (Groundball, 6, EV 98.1 MPH)
|
| Bottom of the 1st over - 2 runs, 0 hits, 0 errors, 1 left on base; Eugene 0 - West Virginia 2 |
| TOP OF THE 2ND |
|
Eugene Emeralds batting - Pitching for West Virginia Black Bears : RHP Tony Ortiz
|
|
Batting: RHB Taylor Garofalo
|
0-0: Foul Ball, location: 2F 0-1: Fly out, F9 (Line Drive, 9S, EV 98.1 MPH)
|
|
Batting: RHB Tim Long
|
0-0: Called Strike 0-1: Foul Ball, location: 2F 0-2: Strikes out swinging
|
|
Batting: RHB Jerry Blas
|
0-0: Foul Ball, location: 2F 0-1: Ball 1-1: Swinging Strike 1-2: Ball 2-2: Strikes out looking
|
| Top of the 2nd over - 0 runs, 0 hits, 0 errors, 0 left on base; Eugene 0 - West Virginia 2 |
| BOTTOM OF THE 2ND |
|
West Virginia Black Bears batting - Pitching for Eugene Emeralds : RHP Angel Pesina
|
|
Batting: RHB Melvin Durland
|
0-0: Hit by Pitch
|
|
Batting: RHB Alex Arzate
|
0-0: Ball Melvin Durland steals 2nd base (no throw) 1-0: SINGLE (Groundball, 4M, EV 89.4 MPH) (infield hit) Melvin Durland to third
|
|
Batting: RHB Chris Arroyo
|
0-0: Ball 1-0: Called Strike 1-1: Ball 2-1: Ball 3-1: SINGLE (Line Drive, 56D, EV 101.9 MPH) Melvin Durland scores Alex Arzate to second
|
|
Pitching: RHP Dustin Buckner
|
|
|
Batting: RHB Terrence Wilson
|
0-0: Ball 1-0: Fielders Choice at 2nd, 6-4 (Groundball, 6, EV 80.0 MPH) Alex Arzate to third
|
|
Batting: RHB Etsuro Hosokawa
|
0-0: Called Strike Terrence Wilson is caught stealing 2nd base 2-4 0-1: Ball 1-1: Ground out 1-3 (Groundball, P, EV 72.5 MPH)
|
| Bottom of the 2nd over - 1 run, 2 hits, 0 errors, 1 left on base; Eugene 0 - West Virginia 3 |
| TOP OF THE 3RD |
|
Eugene Emeralds batting - Pitching for West Virginia Black Bears : RHP Tony Ortiz
|
|
Batting: RHB Josh Asch
|
0-0: Ball 1-0: Ground out U3 (Groundball, 3, EV 86.9 MPH)
|
|
Batting: RHB Alvaro Romero
|
0-0: Swinging Strike 0-1: Ball 1-1: Ball 2-1: Ground out 5-3 (Groundball, 56S, EV 71.9 MPH)
|
|
Batting: RHB Jonathan Ridgely
|
0-0: Ball 1-0: Ball 2-0: Foul Ball, location: 2F 2-1: Ball 3-1: Foul Ball, location: 2F 3-2: Strikes out looking
|
| Top of the 3rd over - 0 runs, 0 hits, 0 errors, 0 left on base; Eugene 0 - West Virginia 3 |
| BOTTOM OF THE 3RD |
|
West Virginia Black Bears batting - Pitching for Eugene Emeralds : RHP Dustin Buckner
|
|
Batting: LHB Josh Aerni
|
0-0: Ball 1-0: Ball 2-0: Called Strike 2-1: Foul Ball, location: 2F 2-2: Foul Ball, location: 2F 2-2: Ball 3-2: Foul Ball, location: 2F 3-2: DOUBLE (Line Drive, 89D, EV 112.5 MPH)
|
|
Batting: RHB Dave Fredericks
|
0-0: Called Strike 0-1: Foul Ball, location: 2F 0-2: Strikes out looking
|
|
Batting: RHB Rick Pittman
|
0-0: Called Strike 0-1: Ball 1-1: Called Strike 1-2: Foul Ball, location: 2F 1-2: Foul Ball, location: 2F 1-2: Hit by Pitch
|
|
Pitching: LHP Eddie Panagos
|
|
|
Batting: RHB Ken Manser
|
0-0: Fly out, F9 (Line Drive, 9, EV 96.2 MPH)
|
|
Batting: RHB Melvin Durland
|
0-0: Ball 1-0: Ball 2-0: Ball 3-0: Called Strike 3-1: Swinging Strike 3-2: Base on Balls Josh Aerni to third Rick Pittman to second
|
|
Batting: RHB Alex Arzate
|
0-0: Called Strike 0-1: Swinging Strike 0-2: Ball 1-2: Strikes out swinging
|
| Bottom of the 3rd over - 0 runs, 1 hit, 0 errors, 3 left on base; Eugene 0 - West Virginia 3 |
| TOP OF THE 4TH |
|
Eugene Emeralds batting - Pitching for West Virginia Black Bears : RHP Tony Ortiz
|
|
Batting: RHB Du Kim
|
0-0: Ball 1-0: Fly out, F8 (Flyball, 8RM, EV 83.8 MPH)
|
|
Batting: RHB Bill Holmes
|
0-0: Ball 1-0: Ball 2-0: Ball 3-0: Ground out 1-3 (Groundball, 13S, EV 74.4 MPH)
|
|
Batting: RHB Eric Wiss
|
0-0: Foul Ball, location: 2F 0-1: Ball 1-1: Called Strike 1-2: Foul Ball, location: 2F 1-2: Foul Ball, location: 2F 1-2: Ball 2-2: Foul Ball, location: 2F 2-2: Foul Ball, location: 2F 2-2: Foul Ball, location: 2F 2-2: Fly out, F8 (Line Drive, 78D, EV 93.1 MPH)
|
| Top of the 4th over - 0 runs, 0 hits, 0 errors, 0 left on base; Eugene 0 - West Virginia 3 |
| BOTTOM OF THE 4TH |
|
West Virginia Black Bears batting - Pitching for Eugene Emeralds : LHP Eddie Panagos
|
|
Batting: RHB Chris Arroyo
|
0-0: Called Strike 0-1: Fly out, F8 (Flyball, 89M, EV 96.2 MPH)
|
|
Batting: RHB Terrence Wilson
|
0-0: Ball 1-0: Called Strike 1-1: Ball 2-1: Foul Ball, location: 2F 2-2: Foul Ball, location: 2F 2-2: Foul Ball, location: 2F 2-2: SINGLE (Groundball, 56S, EV 69.4 MPH) (infield hit)
|
|
Pitching: RHP Carlos Zavala
|
|
|
Batting: RHB Etsuro Hosokawa
|
0-0: Ball Terrence Wilson is caught stealing 2nd base 2-4 1-0: Fly out, F8 (Flyball, 8LM, EV 81.9 MPH)
|
| Bottom of the 4th over - 0 runs, 1 hit, 0 errors, 0 left on base; Eugene 0 - West Virginia 3 |
| TOP OF THE 5TH |
|
Eugene Emeralds batting - Pitching for West Virginia Black Bears : RHP Tony Ortiz
|
|
Batting: RHB Taylor Garofalo
|
0-0: SINGLE (Flyball, 8LS, EV 93.8 MPH)
|
|
Batting: RHB Tim Long
|
0-0: Reached on error, E6 (Groundball, 6, EV 76.9 MPH) Taylor Garofalo to second
|
|
Batting: RHB Jerry Blas
|
0-0: Called Strike 0-1: Called Strike 0-2: Strikes out looking
|
|
Batting: RHB Josh Asch
|
0-0: Swinging Strike 0-1: Ball 1-1: Ball 2-1: Called Strike 2-2: Ball 3-2: Foul Ball, location: 2F 3-2: Foul Ball, location: 2F 3-2: Strikes out swinging
|
|
Batting: RHB Alvaro Romero
|
0-0: Ball 1-0: Fly out, F4 (Popup, 23, EV 80.0 MPH)
|
| Top of the 5th over - 0 runs, 1 hit, 1 error, 2 left on base; Eugene 0 - West Virginia 3 |
| BOTTOM OF THE 5TH |
|
West Virginia Black Bears batting - Pitching for Eugene Emeralds : RHP Carlos Zavala
|
|
Batting: LHB Josh Aerni
|
0-0: Called Strike 0-1: Ground out 4-3 (Groundball, 4, EV 110.0 MPH)
|
|
Batting: RHB Dave Fredericks
|
0-0: Called Strike 0-1: SOLO HOME RUN (Flyball, 9LD, EV 91.2 MPH), Distance : 345 ft
|
|
Batting: RHB Rick Pittman
|
0-0: Called Strike 0-1: Called Strike 0-2: Foul Ball, location: 2F 0-2: Ball 1-2: Strikes out swinging
|
|
Batting: RHB Ken Manser
|
0-0: Foul Ball, location: 2F 0-1: Ball 1-1: Ball 2-1: Ball 3-1: Fly out, F8 (Line Drive, 89D, EV 100.0 MPH)
|
| Bottom of the 5th over - 1 run, 1 hit, 0 errors, 0 left on base; Eugene 0 - West Virginia 4 |
| TOP OF THE 6TH |
|
Eugene Emeralds batting - Pitching for West Virginia Black Bears : RHP Tony Ortiz
|
|
Batting: RHB Jonathan Ridgely
|
0-0: Called Strike 0-1: Ball 1-1: Ball 2-1: SINGLE (Line Drive, 7LS, EV 100.0 MPH)
|
|
Batting: RHB Du Kim
|
0-0: Ball 1-0: Foul Ball, location: 2F 1-1: Foul Ball, location: 2F 1-2: Foul Ball, location: 2F 1-2: Foul Ball, location: 2F 1-2: Strikes out swinging
|
|
Batting: RHB Bill Holmes
|
0-0: Ball 1-0: Ball 2-0: Foul Ball, location: 2F 2-1: Foul Ball, location: 2F 2-2: Foul Ball, location: 2F 2-2: Fly out, F8 (Flyball, 78M, EV 96.2 MPH)
|
|
Batting: RHB Eric Wiss
|
0-0: Foul Ball, location: 2F 0-1: Ball 1-1: Ball 2-1: Foul Ball, location: 2F 2-2: Fielders Choice at 2nd, 6-4 (Groundball, 6, EV 88.8 MPH)
|
| Top of the 6th over - 0 runs, 1 hit, 0 errors, 1 left on base; Eugene 0 - West Virginia 4 |
| BOTTOM OF THE 6TH |
|
West Virginia Black Bears batting - Pitching for Eugene Emeralds : RHP Carlos Zavala
|
|
Batting: RHB Melvin Durland
|
0-0: Ball 1-0: Ball 2-0: Ball 3-0: Called Strike 3-1: Base on Balls
|
|
Batting: RHB Alex Arzate
|
0-0: Ball Melvin Durland steals 2nd base 1-0: Ball 2-0: Fly out, F8 (Flyball, 8RS, EV 78.8 MPH)
|
|
Batting: RHB Chris Arroyo
|
0-0: Called Strike 0-1: Fly out, F8 (Flyball, 8LD, EV 84.4 MPH)
|
|
Batting: RHB Terrence Wilson
|
0-0: SINGLE (Line Drive, 8RS, EV 99.4 MPH) Melvin Durland to third Runner from 3rd tries for Home, SAFE, throw by CF to home
|
|
Batting: RHB Etsuro Hosokawa
|
0-0: Called Strike Terrence Wilson is caught stealing 2nd base 2-4
|
| Bottom of the 6th over - 1 run, 1 hit, 0 errors, 0 left on base; Eugene 0 - West Virginia 5 |
| TOP OF THE 7TH |
|
Eugene Emeralds batting - Pitching for West Virginia Black Bears : RHP Tony Ortiz
|
|
Batting: RHB Taylor Garofalo
|
0-0: Ball 1-0: Foul Ball, location: 2F 1-1: Ground out 4-3 (Groundball, 4, EV 88.1 MPH)
|
|
Pitching: LHP Juan Villegas
|
|
|
Batting: RHB Tim Long
|
0-0: Called Strike 0-1: Ball 1-1: Called Strike 1-2: Ball 2-2: Foul Ball, location: 2F 2-2: Strikes out swinging
|
|
Batting: RHB Jerry Blas
|
0-0: Ball 1-0: Foul Ball, location: 2F 1-1: Swinging Strike 1-2: DOUBLE (Line Drive, 7LS, EV 100.0 MPH)
|
|
Batting: RHB Josh Asch
|
0-0: Foul Ball, location: 2F 0-1: Swinging Strike 0-2: Ball 1-2: Ball 2-2: Strikes out looking
|
| Top of the 7th over - 0 runs, 1 hit, 0 errors, 1 left on base; Eugene 0 - West Virginia 5 |
| BOTTOM OF THE 7TH |
|
West Virginia Black Bears batting - Pitching for Eugene Emeralds : RHP Carlos Zavala
|
|
Batting: RHB Etsuro Hosokawa
|
0-0: Called Strike 0-1: Ball 1-1: DOUBLE (Line Drive, 9LM, EV 104.4 MPH)
|
|
Batting: LHB Josh Aerni
|
0-0: Called Strike 0-1: Ball 1-1: Ball 2-1: Ball Wild Pitch! Etsuro Hosokawa to third 3-1: Hit by Pitch
|
|
Batting: RHB Dave Fredericks
|
0-0: Ball Josh Aerni steals 2nd, throwing error, E2 Etsuro Hosokawa scores Josh Aerni to third 1-0: Called Strike 1-1: Called Strike 1-2: Ground out 5-3 (Groundball, 5L, EV 97.5 MPH)
|
|
Batting: RHB Rick Pittman
|
0-0: Called Strike 0-1: Called Strike 0-2: Ball 1-2: Strikes out swinging
|
|
Batting: RHB Ken Manser
|
0-0: Ball 1-0: Called Strike 1-1: Foul Ball, location: 2F 1-2: Foul Ball, location: 2F 1-2: DOUBLE (Flyball, 89D, EV 97.5 MPH) Josh Aerni scores
|
|
Batting: RHB Melvin Durland
|
0-0: Ball 1-0: Swinging Strike 1-1: Foul Ball, location: 2F 1-2: Strikes out looking
|
| Bottom of the 7th over - 2 runs, 2 hits, 1 error, 1 left on base; Eugene 0 - West Virginia 7 |
| TOP OF THE 8TH |
|
Eugene Emeralds batting - Pitching for West Virginia Black Bears : LHP Juan Villegas
|
|
Batting: RHB Alvaro Romero
|
0-0: Ball 1-0: Swinging Strike 1-1: Foul Ball, location: 2F 1-2: Strikes out swinging
|
|
Batting: RHB Jonathan Ridgely
|
0-0: Ball 1-0: Ball 2-0: Called Strike 2-1: Called Strike 2-2: Strikes out swinging
|
|
Pinch Hitting: RHB Roy Battist
|
0-0: Swinging Strike 0-1: Ball 1-1: SINGLE (Groundball, 4M, EV 97.5 MPH)
|
|
Batting: RHB Bill Holmes
|
0-0: Called Strike 0-1: Called Strike 0-2: Ball 1-2: Foul Ball, location: 2F 1-2: Foul Ball, location: 2F 1-2: Foul Ball, location: 2F 1-2: Ball 2-2: Ball 3-2: Foul Ball, location: 2F 3-2: Base on Balls Roy Battist to second
|
|
Pitching: RHP Xavier Stovall
|
|
|
Pinch Hitting: RHB Hugo Torrez
|
0-0: Called Strike 0-1: Called Strike 0-2: Ball Passed Ball! Roy Battist to third Bill Holmes to second 1-2: Fly out, F8 (Flyball, 8RD, EV 80.6 MPH)
|
| Top of the 8th over - 0 runs, 1 hit, 0 errors, 2 left on base; Eugene 0 - West Virginia 7 |
| BOTTOM OF THE 8TH |
|
West Virginia Black Bears batting - Pitching for Eugene Emeralds : RHP Carlos Zavala
|
|
Now at 2B: Hugo Torrez
|
|
|
Now in CF: Roy Battist
|
|
|
Batting: RHB Alex Arzate
|
0-0: Ball 1-0: Foul Ball, location: 2F 1-1: Ball 2-1: Fly out, F7 (Line Drive, 78M, EV 91.2 MPH)
|
|
Batting: RHB Chris Arroyo
|
0-0: Ball 1-0: Foul Ball, location: 2F 1-1: SINGLE (Groundball, 56D, EV 105.0 MPH)
|
|
Batting: RHB Terrence Wilson
|
0-0: SINGLE (Groundball, 25, EV 72.5 MPH) (infield hit) Chris Arroyo to second
|
|
Pitching: RHP Juan Bonilla
|
|
|
Batting: RHB Etsuro Hosokawa
|
0-0: SINGLE (Line Drive, 7LS, EV 98.1 MPH) Chris Arroyo to third Terrence Wilson to second
|
|
Pinch Hitting: RHB Jaime Dubicki
|
0-0: Ball Wild Pitch! Chris Arroyo scores Terrence Wilson to third Etsuro Hosokawa to second 1-0: Ball Wild Pitch! Terrence Wilson scores Etsuro Hosokawa to third 2-0: Called Strike 2-1: Fly out, F8 (Line Drive, 8RD, EV 96.2 MPH) Runner from 3rd tags up, SCORES, throw by CF
|
|
Batting: RHB Dave Fredericks
|
0-0: Ball 1-0: Called Strike 1-1: Foul Ball, location: 2F 1-2: Ground out 6-3 (Groundball, 6, EV 90.6 MPH)
|
| Bottom of the 8th over - 3 runs, 3 hits, 0 errors, 0 left on base; Eugene 0 - West Virginia 10 |
| TOP OF THE 9TH |
|
Eugene Emeralds batting - Pitching for West Virginia Black Bears : RHP Xavier Stovall
|
|
Now at 1B: Jaime Dubicki
|
|
|
Pinch Hitting: RHB Mike Larson
|
0-0: Foul Ball, location: 2F 0-1: Foul Ball, location: 2F 0-2: Strikes out looking
|
|
Batting: RHB Tim Long
|
0-0: Swinging Strike 0-1: Foul Ball, location: 2F 0-2: Foul Ball, location: 2F 0-2: Ball 1-2: Fly out, F9 (Flyball, 9D, EV 106.2 MPH)
|
|
Batting: RHB Jerry Blas
|
0-0: Ball 1-0: Ground out 5-3 (Groundball, 56, EV 83.1 MPH)
|
| Top of the 9th over - 0 runs, 0 hits, 0 errors, 0 left on base; Eugene 0 - West Virginia 10 |
|